 Dungeon Crawl Stone Soup version 0.28-a0-657-g71136c5590 (webtiles) character file.

Game seed: 11079190098936558652

1335 tilp the Thaumaturge (level 8, 0/58 HPs)
             Began as a Gnoll Hedge Wizard on Oct 13, 2021.
             Was a Believer of Ashenzari.
             Slain by an ogre (18 damage)
             ... on level 6 of the Dungeon.
             The game lasted 00:16:53 (8041 turns).

tilp the Thaumaturge (Gnoll Hedge Wizard)           Turns: 8041, Time: 00:16:54

Health: 0/58       AC:  5    Str:  9    XL:     8   Next: 61%
Magic:  19/20      EV: 12    Int: 15    God:    Ashenzari [**....]
Gold:   260        SH:  0    Dex: 13    Spells: 16/23 levels left

rFire   . . .      SeeInvis +   a - +2 hand axe "Share My Idealism" {freeze, Comp, Bglg} (curse)
rCold   . . .      Faith    .   (no shield)
rNeg    . . .      Spirit   .   h - +0 ring mail "Overhang to Understand" {Melee, Comp} (curse)
rPois   .          Reflect  .   c - +0 hat of Ashenzari's Sun {Range, Evo} (curse)
rElec   .          Harm     .   (no cloak)
rCorr   .          Rampage  .   (no gloves)
Will    .....                   (no boots)
Stlth   +++.......              (no amulet)
HPRegen 0.19/turn               m - ring "Share My Gnosis" {SInv, Cun, Elem} (curse)
MPRegen 0.17/turn               (no ring)

@: mighty, studying Shields
A: fangs 1, strong nose, distributed training
a: Renounce Religion, Shatter the Chains


You were on level 6 of the Dungeon.
You worshipped Ashenzari.
Ashenzari was pleased with you.
You visited 1 branch of the dungeon, and saw 6 of its levels.

You collected 260 gold pieces.

Inventory:

Hand Weapons
 a - the cursed +2 hand axe "Share My Idealism" (weapon) {freeze, Comp, Bglg}
   (You took it off an orc on level 3 of the Dungeon)

   It freezes those it strikes, dealing additional cold damage.
   It can also slow down cold-blooded creatures.
   It has a curse which improves the following skills: Companions: Summonings
   and Necromancy.
   Beguiling: Conjurations, Hexes and Translocations.
 b - a +0 trident
 r - a +3 short sword
 u - a +0 battleaxe
 v - a +2 mace of venom
Missiles
 e - 233 stones
 g - 94 arrows
 k - 135 sling bullets
 n - 9 poisoned darts (quivered)
 p - 17 bolts
Armour
 c - the cursed +0 hat of Ashenzari's Sun (worn) {Range, Evo}

   It has a curse which improves the following skills: Ranged Combat: Slings,
   Bows, Crossbows and Throwing.
   Evocations: Evocations.
 h - the cursed +0 ring mail "Overhang to Understand" (worn) {Melee, Comp}
   (You found it on level 1 of the Dungeon)

   It has a curse which improves the following skills: Melee Combat: Short
   Blades, Long Blades, Axes, Maces & Flails, Polearms, Staves and Unarmed
   Combat.
   Companions: Summonings and Necromancy.
Jewellery
 m - the cursed ring "Share My Gnosis" (left hand) {SInv, Cun, Elem}
   (You found it on level 2 of the Dungeon)

   [ring of see invisible]

   SInv:      It lets you see invisible.
   It has a curse which improves the following skills: Cunning: Dodging and
   Stealth.
   Elements:  Fire Magic, Ice Magic, Air Magic and Earth Magic.
 y - a ring of magical power
Wands
 w - a wand of iceblast (15)
 x - a wand of flame (12)
Scrolls
 o - a scroll of vulnerability
 q - a scroll of blinking
 s - a scroll of fog
Potions
 d - a potion of curing
 f - a potion of resistance
 i - 2 potions of flight
 j - a potion of cancellation
 l - 2 potions of attraction
 t - a potion of might


   Skills:
 + Level 3.4 Fighting
 + Level 3.4(4.7) Short Blades
 + Level 3.4(4.7) Long Blades
 + Level 3.4(4.7) Axes
 + Level 3.4(4.7) Maces & Flails
 + Level 3.4(4.7) Polearms
 + Level 3.4(4.7) Staves
 + Level 3.4(4.7) Slings
 + Level 3.4(4.7) Bows
 + Level 3.4(4.7) Crossbows
 + Level 3.4(4.7) Throwing
 + Level 3.4 Armour
 + Level 5.8(7.2) Dodging
 + Level 5.4(6.9) Stealth
 + Level 3.5 Shields
 + Level 3.4(4.7) Unarmed Combat
 + Level 8.0 Spellcasting
 + Level 3.5(4.9) Conjurations
 + Level 2.8(4.1) Hexes
 + Level 3.5(5.6) Summonings
 + Level 2.8(4.7) Necromancy
 + Level 3.5(4.9) Translocations
 + Level 2.8 Transmutations
 + Level 2.8(4.1) Fire Magic
 + Level 2.8(4.1) Ice Magic
 + Level 2.8(4.1) Air Magic
 + Level 2.8(4.1) Earth Magic
 + Level 2.8 Poison Magic
 + Level 3.7 Invocations
 + Level 3.4(4.7) Evocations


You had 16 spell levels left.
You knew the following spells:

 Your Spells              Type           Power      Damage    Failure   Level
a - Magic Dart            Conj           80%        1d7       4%          1
b - Call Imp              Summ           22%        N/A       4%          2
c - Blink                 Tloc           N/A        N/A       6%          2
d - Slow                  Hex            18%        N/A       9%          2

Your spell library contained the following spells:

 Spells                   Type           Power      Damage    Failure   Level
 Conjure Flame            Conj/Fire      19%        6-21      14%         3
 Ozocubu's Armour         Ice            18%        N/A       17%         3
 Mephitic Cloud           Conj/Pois/Air  17%        N/A       19%         3
 Metabolic Englaciation   Hex/Ice        9%         N/A       85%         5
 Simulacrum               Ice/Necr       9%         N/A       100%        6


Dungeon Overview and Level Annotations

Branches:
Dungeon (6/15)             Temple (0/1) D:5

Altars:
Ashenzari
Makhleb
Ru
Vehumet
Yredelemnul

Annotations:
D:5 2 transporters


Innate Abilities, Weirdness & Mutations

You have very sharp teeth.
Your uncanny sense of smell can sniff out nearby items.
Your experience applies equally to all skills.


Message History

Confirm with . or Enter, or press ? or * to list all spells.
Aiming: Magic Dart (safe; 4% risk of failure)
Press: ? - help, Shift-Dir - straight line, f - bat
Aim: a bat (100% to hit)
Okay, then.
Okay, then.
You hit the ogre. You freeze the ogre.
The ogre is moderately wounded.
You miss the bat. You closely miss the bat. The bat barely misses you.
The bat closely misses you. The bat hits you but does no damage.
The ogre hits you with a +0 giant club!!
Ouch! That really hurt!
* * * LOW HITPOINT WARNING * * *
Unknown command.
Casting: Magic Dart (safe; 4% risk of failure)
Confirm with . or Enter, or press ? or * to list all spells.
You blink.
The bat closely misses you. The bat hits you.
* * * LOW HITPOINT WARNING * * *
The bat closely misses you.
Unknown command.
Unknown command.
Okay, then.
Okay, then.
You feel better. The bat hits you but does no damage.
The bat closely misses you. The bat hits you but does no damage. x3
You feel very mighty all of a sudden. The bat hits you but does no damage.
The bat barely misses you. x2
The bat misses you.
Unknown command.
You slash the bat! You freeze the bat.
You kill the bat!
You closely miss the bat. You hit the bat. You freeze the bat.
You kill the bat!
The bat hits you but does no damage.
Unknown command.
You slash the ogre! You freeze the ogre.
The ogre is almost dead.
The bat closely misses you.
The ogre hits you with a +0 giant club!!
You die...

................##...............
.####.....##....##..............#
.#
#.....รท.#.##.#...#######....##
.####.......[..........#####..##
...........####.........#......##
..#..##.........................#
...........###....##....#..#..###
...#........##..b##############
................@.#
...........###..O###
#..#.#..#...##.#...#
..###..##...##.#####
..........####.. ..<....#..#
*b..,{ ##.....#..# ,b.. ,
#.......####.... ##......#.###.,


You could see an ogre and a bat.

Vanquished Creatures
  A water moccasin (D:6)
  An ice beast (D:5)
  A necrophage (D:5)
  A phantom (D:5)
  Blork the orc (D:5)
  A bullfrog (D:6)
  2 scorpions
  A bullfrog zombie (D:5)
  A centaur skeleton (D:6)
  3 hounds
  An orc priest (D:6)
  Natasha (D:3)
  An orc wizard (D:6)
  A hound zombie (D:5)
  4 gnolls
  6 adders
  2 white imps
  3 ufetubi
  An adder skeleton (D:4)
  2 worms
  A dart slug (D:3)
  8 orcs
  7 bats
  3 endoplasms
  3 giant cockroaches
  6 goblins
  4 hobgoblins
  9 jackals
  10 kobolds
  6 quokkas
  5 ball pythons
  8 frilled lizards
  4 rats
109 creatures vanquished.

Vanquished Creatures (collateral kills)
  A phantom (D:5)
  2 scorpions
  A jelly (D:3)
  Jessica (D:3)
5 creatures vanquished.

Vanquished Creatures (others)
  6 plants (D:5)
6 creatures vanquished.

Grand Total: 120 creatures vanquished

Notes
Turn   | Place    | Note
-------+----------+-------------------------------------------
     0 | D:1      | tilp the Gnoll Hedge Wizard began the quest for the Orb.
     0 | D:1      | Reached XP level 1. HP: 13/13 MP: 8/8
   555 | D:1      | Reached XP level 2. HP: 19/19 MP: 7/10
   558 | D:1      | Learned a level 2 spell: Blink
   561 | D:1      | Learned a level 2 spell: Call Imp
   564 | D:1      | Learned a level 2 spell: Slow
   782 | D:1      | Reached XP level 3. HP: 25/25 MP: 9/11
  1232 | D:2      | Reached skill level 1 in Invocations
  1665 | D:2      | Reached skill level 1 in Fighting
  1665 | D:2      | Reached skill level 1 in Short Blades
  1665 | D:2      | Reached skill level 1 in Long Blades
  1665 | D:2      | Reached skill level 1 in Axes
  1665 | D:2      | Reached skill level 1 in Maces & Flails
  1665 | D:2      | Reached skill level 1 in Polearms
  1665 | D:2      | Reached skill level 1 in Staves
  1665 | D:2      | Reached skill level 1 in Slings
  1665 | D:2      | Reached skill level 1 in Bows
  1665 | D:2      | Reached skill level 1 in Crossbows
  1665 | D:2      | Reached skill level 1 in Throwing
  1665 | D:2      | Reached skill level 1 in Armour
  1665 | D:2      | Reached skill level 1 in Shields
  1665 | D:2      | Reached skill level 1 in Unarmed Combat
  1665 | D:2      | Reached skill level 1 in Evocations
  1780 | D:2      | Reached XP level 4. HP: 32/32 MP: 9/13
  2133 | D:2      | Found a faded altar of an unknown god.
  2173 | D:2      | Reached skill level 1 in Hexes
  2173 | D:2      | Reached skill level 1 in Necromancy
  2173 | D:2      | Reached skill level 1 in Transmutations
  2173 | D:2      | Reached skill level 1 in Fire Magic
  2173 | D:2      | Reached skill level 1 in Ice Magic
  2173 | D:2      | Reached skill level 1 in Air Magic
  2173 | D:2      | Reached skill level 1 in Earth Magic
  2173 | D:2      | Reached skill level 1 in Poison Magic
  2986 | D:3      | Found a broken altar of Ashenzari.
  3166 | D:3      | Noticed Natasha
  3174 | D:3      | Killed Natasha
  3175 | D:3      | Reached XP level 5. HP: 37/37 MP: 9/14
  3258 | D:3      | Became a worshipper of Ashenzari the Shackled
  3261 | D:3      | Found a basalt altar of Yredelemnul.
  3274 | D:3      | Noticed Jessica
  3281 | D:3      | Killed Jessica
  4528 | D:3      | Reached XP level 6. HP: 44/44 MP: 9/16
  5079 | D:4      | HP: 1/44 [scorpion (7)]
  5082 | D:4      | Reached skill level 5 in Dodging
  5521 | D:4      | Found a burning altar of Makhleb.
  5600 | D:4      | Reached * piety under Ashenzari
  6016 | D:5      | Entered Level 5 of the Dungeon
  6022 | D:5      | Reached XP level 7. HP: 50/50 MP: 11/18
  6303 | D:5      | Found a staircase to the Ecumenical Temple.
  6307 | D:5      | Reached skill level 5 in Stealth
  6502 | D:5      | Found a radiant altar of Vehumet.
  6647 | D:5      | Reached ** piety under Ashenzari
  6849 | D:5      | Reached XP level 8. HP: 57/57 MP: 13/19
  6874 | D:5      | Identified the +0 ring mail of Apathy {Int+3 Dex+3}
  6895 | D:5      | Found a transporter.
  7015 | D:5      | Identified the ring "Hacoxt" {Wiz rF+ rC+}
  7034 | D:5      | Found a transporter.
  7074 | D:5      | Noticed Blork the orc
  7088 | D:5      | Killed Blork the orc
  7634 | D:6      | Found a sacrificial altar of Ru.
  7916 | D:6      | Reached skill level 8 in Spellcasting
  8041 | D:6      | Slain by an ogre

Illustrated notes

Levels and vault maps discovered:
D:1:      psy_arrival_heroes, layout_rooms
D:2:      layout_loops_ring, chequers_ecumenical_altar_twisty
D:3:      layout_basic, mainiacjoe_overflow_large_starburst,
          minmay_misc_feat_encased, minivault_25, small_statue_intersection,
          uniq_natasha, uniq_jessica
D:4:      layout_gridville, mainiacjoe_overflow_alcove_2
D:5:      layout_gridville, vehumet_altar_wand_db, temple_fountains,
          gammafunk_ghost_gnarly_gnolls, uniq_blork_the_orc
D:6:      layout_cave_pools, mainiacjoe_overflow_six_doors_small,
          roderic_batcave

Skill      XL: |  1  2  3  4  5  6  7  8 |
---------------+-------------------------+-----
Conjurations   | 2 3 |  3.5
Summonings     | 2 3 |  3.5
Translocations | 2 3 |  3.5
Invocations    | 1 2 3 |  3.7
Fighting       | 1 2 3 |  3.4
Short Blades   | 1 2 3 |  3.4
Long Blades    | 1 2 3 |  3.4
Axes           | 1 2 3 |  3.4
Maces & Flails | 1 2 3 |  3.4
Polearms       | 1 2 3 |  3.4
Staves         | 1 2 3 |  3.4
Slings         | 1 2 3 |  3.4
Bows           | 1 2 3 |  3.4
Crossbows      | 1 2 3 |  3.4
Throwing       | 1 2 3 |  3.4
Armour         | 1 2 3 |  3.4
Shields        | 1 2 3 |  3.5
Unarmed Combat | 1 2 3 |  3.4
Evocations     | 1 2 3 |  3.4
Hexes          | 1 2 |  2.8
Necromancy     | 1 2 |  2.8
Transmutations | 1 2 |  2.8
Fire Magic     | 1 2 |  2.8
Ice Magic      | 1 2 |  2.8
Air Magic      | 1 2 |  2.8
Earth Magic    | 1 2 |  2.8
Poison Magic   | 1 2 |  2.8
Dodging        | 5 |  5.8
Stealth        | 5 |  5.4
Spellcasting   | 8 |  8.0

Action                   |  1- 3 |  4- 6 |  7- 9 || total
-------------------------+-------+-------+-------++-------
Melee: Dagger            |     7 |       |       ||     7
       Short sword       |    13 |    54 |       ||    67
       Bite              |       |     7 |    14 ||    21
       Punch             |       |     1 |     2 ||     3
       Hand axe          |       |    23 |   120 ||   143
Throw: Dart              |       |       |     5 ||     5
 Cast: Magic Dart        |    71 |   133 |    56 ||   260
       Call Imp          |     1 |     8 |     2 ||    11
       Blink             |       |     2 |     1 ||     3
       Slow              |       |     2 |       ||     2
Invok: Curse Item        |       |     2 |     2 ||     4
  Use: Scroll            |     1 |     2 |       ||     3
       Potion            |       |     2 |     3 ||     5
 Stab: Sleeping          |     1 |     3 |     1 ||     5
Armor: Ring mail         |     8 |    38 |    40 ||    86
Dodge: Dodged            |    28 |    78 |    89 ||   195

Table legend: (Time is in decaauts)
 A = Elapsed time spent in this place.
 B = Non-inter-level travel time spent in this place.
 C = Inter-level travel time spent in this place.
 D = Time resting spent in this place.
 E = Time spent auto-exploring this place.
 F = Levels seen in this place.
 G = Mean time per level.
                   A        B        C        D        E       F      G
               +--------+--------+--------+--------+--------+-----+--------+
         Total |   8069 |   7875 |    194 |   1718 |   5031 |   6 | 1344.8 |
       Dungeon |   8069 |   7875 |    194 |   1718 |   5031 |   6 | 1344.8 |
               +--------+--------+--------+--------+--------+-----+--------+

Top non-repeatable levels by time:
     D:2: 2022 daAuts
     D:3: 1747 daAuts
     D:5: 1338 daAuts
     D:4: 1160 daAuts
     D:1: 1094 daAuts
     D:6: 706 daAuts
